 Dungeon Crawl Stone Soup version 0.28.0-45-g0d030f2227 (webtiles) character file.

Game seed: 8174203112272714772

747 MisterFreud the Covert (level 7, -1/135 HPs)
             Began as a Gnoll Delver on Mar 31, 2022.
             Was a Plaything of Xom.
             Succumbed to a water moccasin's poison
             ... on level 7 of the Dungeon.
             The game lasted 00:11:29 (6502 turns).

MisterFreud the Covert (Gnoll Delver)               Turns: 6502, Time: 00:11:30

Health: -1/135     AC: 27    Str: 12    XL:     7   Next: 77%
Magic:  11/11      EV:  2    Int: 11    God:    Xom [..*...]
Gold:   1272       SH:  0    Dex: 13    Spells: 11/11 levels left

rFire   . . .      SeeInvis .   s - +0 quarterstaff
rCold   . . .      Faith    .   (shield currently unavailable)
rNeg    . . .      Spirit   .   (armour currently unavailable)
rPois   +          Reflect  .   (helmet currently unavailable)
rElec   .          Harm     .   (cloak currently unavailable)
rCorr   .          Rampage  .   (gloves currently unavailable)
Will    .....      NoTele   +   (boots currently unavailable)
Stlth   ..........              (no amulet)
HPRegen 0.32/turn               l - +4 ring of protection
MPRegen 0.12/turn               (no ring)

@: berserking, lethally poisoned (-1 -> -12), tree-form, very quick
A: stationary, stasis, torment immunity, boosted hp, (fangs 1), strong nose,
distributed training
a: Renounce Religion


You were on level 7 of the Dungeon.
You worshipped Xom.
You were a toy of Xom.
You were a tree.
You visited 1 branch of the dungeon, and saw 7 of its levels.

You collected 1302 gold pieces.
You spent 30 gold pieces at shops.

Inventory:

Hand Weapons
 a - a +0 mace
 q - a +0 mace of holy wrath
 s - a +0 quarterstaff (weapon)
Missiles
 v - 2 silver boomerangs (quivered)
 w - a curare-tipped dart
Armour
 b - a +0 leather armour (melded)
 n - a +0 pair of boots (melded)
 y - a +0 pair of gloves (melded)
Jewellery
 l - a +4 ring of protection (left branch)
Wands
 g - a wand of digging (3)
 u - a wand of acid (4)
Scrolls
 c - a scroll of fog
 d - 2 scrolls of magic mapping
 e - 4 scrolls of fear
 h - a scroll of blinking
 i - a scroll of noise
 k - a scroll of vulnerability
 o - a scroll of enchant weapon
 r - a scroll of teleportation {unknown}
 t - a scroll of torment {unknown}
Potions
 f - a potion of haste
 m - a potion of mutation


   Skills:
 + Level 7.1 Fighting
 + Level 2.7 Short Blades
 + Level 2.7 Long Blades
 + Level 2.7 Axes
 + Level 5.3 Maces & Flails
 + Level 2.7 Polearms
 + Level 2.7 Staves
 + Level 2.7 Slings
 + Level 2.7 Bows
 + Level 2.7 Crossbows
 + Level 2.7 Throwing
 + Level 2.7 Armour
 + Level 5.3 Dodging
 + Level 10.0 Stealth
 + Level 2.7 Shields
 + Level 2.7 Unarmed Combat
 + Level 2.7 Spellcasting
 + Level 2.2 Conjurations
 + Level 2.2 Hexes
 + Level 2.2 Summonings
 + Level 2.2 Necromancy
 + Level 2.2 Translocations
 + Level 2.2 Transmutations
 + Level 2.2 Fire Magic
 + Level 2.2 Ice Magic
 + Level 2.2 Air Magic
 + Level 2.2 Earth Magic
 + Level 2.2 Poison Magic
 + Level 3.0 Invocations
 + Level 2.7 Evocations


You had 11 spell levels left.
You didn't know any spells.
Your spell library was empty.

Dungeon Overview and Level Annotations

Branches:
Dungeon (7/15)
 Temple: D:4-7

Altars:
Xom

Shops:
D:1 !

Annotations:
D:5 XOM!


Innate Abilities, Weirdness & Mutations

You are a tree.
Your roots penetrate the ground, keeping you stationary.
You cannot be teleported.
You are immune to unholy pain and torment.
Your maximum health is greatly increased.
Your equipment is partially melded.
((You have very sharp teeth.))
Your uncanny sense of smell can sniff out nearby items.
Your experience applies equally to all skills.


Message History

The water moccasin is heavily wounded.
The water moccasin bites you.
* * * LOW HITPOINT WARNING * * *
You are poisoned.
The water moccasin poisons you!
The water moccasin bites you but does no damage.
You miss the water moccasin.
The water moccasin is heavily wounded.
* * * LOW HITPOINT WARNING * * *
You feel very sick. The water moccasin misses you.
The water moccasin bites you but does no damage.
Unknown command.
You hit the water moccasin.
The water moccasin is severely wounded.
* * * LOW HITPOINT WARNING * * *
You feel sick.
The water moccasin bites you but does no damage.
Unknown command.
Really quaff the potion of lignification?
You turn into a tree.
Your +0 pair of gloves melds into your body.
Your +0 pair of boots melds into your body.
Your +0 leather armour melds into your body.
Your roots penetrate the ground.
You feel sick. The water moccasin bites you.
* * * LOW HITPOINT WARNING * * *
You are lethally poisoned!
The water moccasin poisons you!
The water moccasin bites you but does no damage.
Unknown command.
You hit the water moccasin.
The water moccasin is severely wounded.
* * * LOW HITPOINT WARNING * * *
You feel very sick.
The water moccasin bites you but does no damage.
Unknown command.
A red film seems to cover your vision as you go berserk!
You feel yourself moving faster!
You feel mighty!
You die...
Xom bursts into laughter!

#.#..#......
#.#..#......
.#........
####.......#
..........#
####........###
####
#...)..........
.<..#.....[♣.......
..........S........
#.##........#####
#.#...........#
#.............#
#######........#∆
#<....'..........
#######.......(...
#...........


You could see a water moccasin.

Vanquished Creatures
  A steam dragon (D:7)
  An ogre (D:5)
  2 scorpions (D:5)
  A howler monkey (D:6)
  A hound (D:6)
  A bullfrog skeleton (D:6)
  4 iguanas (D:5)
  A hound skeleton (D:4)
  4 gnolls
  A howler monkey skeleton (D:5)
  4 adders
  An adder skeleton (D:5)
  2 dart slugs
  4 orcs
  2 ball pythons
  5 bats
  4 endoplasms
  2 giant cockroaches
  4 goblins
  4 hobgoblins
  7 jackals (D:1)
  2 quokkas
  2 frilled lizards (D:2)
  14 kobolds
  3 rats (D:1)
77 creatures vanquished.

Vanquished Creatures (collateral kills)
  A kobold brigand (D:5)
1 creature vanquished.

Vanquished Creatures (others)
  A white imp (D:6)
  A worm (D:6)
  An orc (D:7)
3 creatures vanquished.

Grand Total: 81 creatures vanquished

Notes
Turn   | Place    | Note
-------+----------+-------------------------------------------
     0 | D:5      | Reached skill level 9 in Stealth
     0 | D:5      | MisterFreud the Gnoll Delver began the quest for the Orb.
     0 | D:5      | Reached XP level 1. HP: 23/23 MP: 1/1
    28 | D:5      | Noticed an iguana
    30 | D:5      | Noticed a scorpion
   274 | D:4      | Reached XP level 2. HP: 13/29 MP: 2/2
   433 | D:4      | Reached XP level 3. HP: 28/35 MP: 3/3
   587 | D:1      | Found a faded altar of an unknown god.
   596 | D:1      | Prayed at the altar of an unknown god.
   596 | D:1      | Became a worshipper of Xom of Chaos
   640 | D:1      | Reached skill level 1 in Invocations
   936 | D:1      | Reached skill level 1 in Short Blades
   936 | D:1      | Reached skill level 1 in Long Blades
   936 | D:1      | Reached skill level 1 in Axes
   936 | D:1      | Reached skill level 1 in Polearms
   936 | D:1      | Reached skill level 1 in Staves
   936 | D:1      | Reached skill level 1 in Slings
   936 | D:1      | Reached skill level 1 in Bows
   936 | D:1      | Reached skill level 1 in Crossbows
   936 | D:1      | Reached skill level 1 in Throwing
   936 | D:1      | Reached skill level 1 in Armour
   936 | D:1      | Reached skill level 1 in Shields
   936 | D:1      | Reached skill level 1 in Unarmed Combat
   936 | D:1      | Reached skill level 1 in Spellcasting
   936 | D:1      | Reached skill level 1 in Evocations
   998 | D:1      | XOM: divination: detect creatures
  1005 | D:1      | Found Sieggerch's Distillery.
  1049 | D:1      | Bought a potion of curing for 30 gold pieces
  1327 | D:2      | Reached XP level 4. HP: 41/41 MP: 5/5
  1458 | D:2      | XOM: silly message
  1662 | D:2      | XOM: silly message
  1873 | D:2      | Reached skill level 1 in Conjurations
  1873 | D:2      | Reached skill level 1 in Hexes
  1873 | D:2      | Reached skill level 1 in Summonings
  1873 | D:2      | Reached skill level 1 in Necromancy
  1873 | D:2      | Reached skill level 1 in Translocations
  1873 | D:2      | Reached skill level 1 in Transmutations
  1873 | D:2      | Reached skill level 1 in Fire Magic
  1873 | D:2      | Reached skill level 1 in Ice Magic
  1873 | D:2      | Reached skill level 1 in Air Magic
  1873 | D:2      | Reached skill level 1 in Earth Magic
  1873 | D:2      | Reached skill level 1 in Poison Magic
  1874 | D:2      | XOM: silly message
  2253 | D:3      | Reached XP level 5. HP: 44/47 MP: 6/6
  2778 | D:3      | XOM: silly message
  3182 | D:4      | XOM is BORED!
  3182 | D:4      | XOM: summons 3 hostile demons
  3424 | D:5      | XOM: smoke on damage
  3435 | D:5      | XOM: swap monsters
  3437 | D:5      | XOM: enchant monster (good)
  3438 | D:5      | HP: 2/47 [poisoned by a scorpion]
  3446 | D:5      | XOM: summons 5 friendly demons
  3613 | D:6      | XOM: draining
  3631 | D:6      | Noticed a steam dragon
  3637 | D:6      | XOM: enchant monster (good)
  3664 | D:6      | Noticed a kobold brigand
  3664 | D:6      | Noticed an orc warrior
  3664 | D:6      | XOM: 1-stop teleportation journey
  3669 | D:6      | Noticed an ogre
  3714 | D:5      | XOM: polymorph hound -> killer bee
  3721 | D:5      | HP: 2/40 [poisoned by a killer bee]
  3724 | D:5      | XOM: polymorph killer bee -> iguana
  3803 | D:5      | Reached XP level 6. HP: 39/51 MP: 8/8
  3849 | D:5      | XOM: fog
  3854 | D:5      | Reached skill level 5 in Maces & Flails
  3854 | D:5      | Reached skill level 5 in Dodging
  3911 | D:5      | XOM: noise
  4235 | D:5      | XOM: potion effect (berserk rage)
  4391 | D:5      | XOM: enchant monster (good)
  4629 | D:5      | XOM: silly message
  5015 | D:4      | XOM: noise
  5174 | D:5      | Reached XP level 7. HP: 28/60 MP: 10/10
  5399 | D:6      | Noticed a glowing shapeshifter
  5399 | D:6      | a hound changed into a glowing shapeshifter
  5399 | D:6      | XOM: polymorph hound -> glowing shapeshifter
  5399 | D:6      | Noticed a dream sheep
  5399 | D:6      | a glowing shapeshifter changed into a dream sheep
  5401 | D:6      | Noticed a moth of wrath
  5401 | D:6      | a dream sheep changed into a moth of wrath
  5410 | D:6      | Noticed a deep troll
  5609 | D:6      | XOM: 4-stop teleportation journey
  5888 | D:6      | Noticed a swamp worm
  5888 | D:6      | Noticed a slime creature
  5888 | D:6      | a swamp worm changed into a slime creature
  5890 | D:6      | XOM: cast spell 'Necromutation'
  5892 | D:6      | XOM: cast spell 'Disjunction'
  5892 | D:6      | Noticed a goliath frog
  5892 | D:6      | a slime creature changed into a goliath frog
  5897 | D:6      | Noticed a tyrant leech
  5897 | D:6      | a goliath frog changed into a tyrant leech
  5902 | D:6      | Noticed an ettin
  5902 | D:6      | a tyrant leech changed into an ettin
  5906 | D:6      | Noticed a boulder beetle
  5906 | D:6      | an ettin changed into a boulder beetle
  5909 | D:6      | XOM: potion effect (might)
  5915 | D:5      | Noticed a great orb of eyes
  5915 | D:5      | a boulder beetle changed into a great orb of eyes
  5916 | D:5      | Noticed a jorogumo
  5916 | D:5      | a great orb of eyes changed into a jorogumo
  5921 | D:5      | Noticed an entropy weaver
  5921 | D:5      | a jorogumo changed into an entropy weaver
  5926 | D:5      | Noticed a broodmother
  6143 | D:6      | XOM: god gift: 1068 gold pieces
  6181 | D:6      | XOM: enchant monster (good)
  6192 | D:6      | XOM: polymorph hound -> worm
  6475 | D:7      | Noticed a steam dragon
  6480 | D:7      | XOM: potion effect (heal wounds)
  6490 | D:7      | Killed a steam dragon
  6491 | D:7      | Reached skill level 10 in Stealth
  6501 | D:7      | HP: 1/90 [poisoned by a water moccasin]
  6502 | D:7      | Succumbed to a water moccasin's poison

Illustrated notes

Levels and vault maps discovered:
D:1:      grunt_arrival_lava_bath, layout_basic, ebering_ecumenical_altar_ruins,
          serial_shops, nicolae_diamond_shop, kennysheep_crisscross
D:2:      layout_loops_ring, grunt_decor_one_mirror
D:3:      layout_basic
D:4:      layout_gridville
D:5:      layout_basic
D:6:      layout_rooms, hangedman_decor_riveting
D:7:      layout_basic, minmay_temple_entry_statues_pillars, chequers_jeans,
          uniq_duvessa, uniq_joseph

Skill      XL: |  1  2  3  4  5  6  7 |
---------------+----------------------+-----
Stealth        | 10 | 10.0
Invocations    | 1 2 3 |  3.0
Short Blades   | 1 2 |  2.7
Long Blades    | 1 2 |  2.7
Axes           | 1 2 |  2.7
Polearms       | 1 2 |  2.7
Staves         | 1 2 |  2.7
Slings         | 1 2 |  2.7
Bows           | 1 2 |  2.7
Crossbows      | 1 2 |  2.7
Throwing       | 1 2 |  2.7
Armour         | 1 2 |  2.7
Shields        | 1 2 |  2.7
Unarmed Combat | 1 2 |  2.7
Spellcasting   | 1 2 |  2.7
Evocations     | 1 2 |  2.7
Conjurations   | 1 2 |  2.2
Hexes          | 1 2 |  2.2
Summonings     | 1 2 |  2.2
Necromancy     | 1 2 |  2.2
Translocations | 1 2 |  2.2
Transmutations | 1 2 |  2.2
Fire Magic     | 1 2 |  2.2
Ice Magic      | 1 2 |  2.2
Air Magic      | 1 2 |  2.2
Earth Magic    | 1 2 |  2.2
Poison Magic   | 1 2 |  2.2
Maces & Flails | 5 |  5.3
Dodging        | 5 |  5.3
Fighting       | 7 |  7.1

Action                   |  1- 3 |  4- 6 |  7- 9 || total
-------------------------+-------+-------+-------++-------
Melee: Mace              |   113 |   232 |    34 ||   379
       Bite              |    13 |    18 |     6 ||    37
       Punch             |       |     9 |     1 ||    10
       Quarterstaff      |       |       |    38 ||    38
Throw: Boomerang         |       |     2 |     1 ||     3
Evoke: Wand              |       |     2 |       ||     2
  Use: Potion            |       |     6 |     3 ||     9
       Scroll            |       |     6 |       ||     6
 Stab: Sleeping          |     6 |    10 |       ||    16
       Distracted        |       |     1 |       ||     1
Armor: Leather armour    |    37 |    76 |    61 ||   174
       Skin              |       |    28 |     2 ||    30
Dodge: Dodged            |    92 |   153 |    76 ||   321
